 Dungeon Crawl Stone Soup version 0.23-a0-171-g5ae17c6e89 (webtiles) character file.

79 Jesh the Vexing (level 4, -1/21 HPs)
             Began as a Spriggan Enchanter on Sept 15, 2018.
             Slain by a gnoll
             ... wielding a +0 flail
              (15 damage)
             ... on level 2 of the Dungeon.
             The game lasted 00:03:57 (1703 turns).

Jesh the Vexing (Spriggan Enchanter)                Turns: 1703, Time: 00:03:58

Health: -1/21      AC:  3    Str:  4    XL:     4   Next: 16%
Magic:  0/11       EV: 18    Int: 17    God:
Gold:   55         SH:  0    Dex: 16    Spells: 2/11 levels left

rFire    . . .     SeeInvis +   h - +2 dagger (venom)
rCold    . . .     Gourm    .   (shield restricted)
rNeg     . . .     Faith    .   b - +1 robe
rPois    .         Spirit   .   (helmet restricted)
rElec    .         Reflect  .   (no cloak)
rCorr    .         Harm     .   (gloves unavailable)
MR       .....                  (boots unavailable)
Stlth    +++.......             (no amulet)
HPRegen  0.07/turn              (no ring)
MPRegen  0.12/turn              (no ring)

@: very quick
A: very small, unfitting armour, see invisible, herbivore, speed 3, slow
metabolism 2
a: no special abilities


You were on level 2 of the Dungeon.
You were not hungry.

You visited 1 branch of the dungeon, and saw 2 of its levels.

You collected 55 gold pieces.

Inventory:

Hand Weapons
 a - a +1 dagger
 h - a +2 dagger of venom (weapon)
Armour
 b - a +1 robe (worn)
Scrolls
 e - a scroll of remove curse
Potions
 c - a potion of haste {unknown}
 f - 2 potions of flight {unknown}
 g - a potion of curing {unknown}
 i - a potion of brilliance {unknown}
Comestibles
 d - 2 rations


   Skills:
 - Level 1.1 Short Blades
 - Level 3.0 Dodging
 - Level 4.4 Stealth
 + Level 4.3 Spellcasting
 + Level 5.0 Hexes


You had 2 spell levels left.
You knew the following spells:

 Your Spells              Type           Power        Failure   Level  Hunger
a - Ensorcelled Hibernat  Hex/Ice        ##....       9%          2    ##.....
b - Corona                Hex            ###....      1%          1    None
c - Confuse               Hex            ###.....     6%          3    ###....
d - Tukima's Dance        Hex            ###.....     6%          3    ###....

Your spell library contained the following spells:

 Spells                   Type           Power        Failure   Level  Hunger
 Dazzling Spray           Conj/Hex       ##....       16%         3    ###....


Dungeon Overview and Level Annotations

Branches:
Dungeon (2/15)

Altars:


Innate Abilities, Weirdness & Mutations

You are very small and have problems with some larger weapons.
You are too small for most types of armour.
You have supernaturally acute eyesight. (SInv)
You are a herbivore.
You cover ground extremely quickly.
You need to consume almost no food.


Message History

Casting: Ensorcelled Hibernation (safe; 9% risk of failure)
Confirm with . or Enter, or press ? or * to list all spells.
You don't have enough magic to cast that spell.
Unknown command.
Casting: Ensorcelled Hibernation (safe; 9% risk of failure)
Confirm with . or Enter, or press ? or * to list all spells.
You don't know that spell.
Unknown command.
Casting: Ensorcelled Hibernation (safe; 9% risk of failure)
Confirm with . or Enter, or press ? or * to list all spells.
You don't have enough magic to cast that spell.
Unknown command.
Casting: Ensorcelled Hibernation (safe; 9% risk of failure)
Confirm with . or Enter, or press ? or * to list all spells.
Aiming: Corona (safe; 1% risk of failure)
Press: ? - help, Shift-Dir - straight line, f - gnoll
Aim: a gnoll, wielding a flail (chance to defeat MR: 67%)
The gnoll is outlined in light.
The gnoll hits you with a flail!
Ouch! That really hurt!
You die...

#..# #.###.... #..#
#.# ##### ##..#
#.#### #...# #.##.##
#.#.# #.#...###
#...# #........
#.#.###.......#
######.#............
#.g@...#####.......#
###)###### #......##
..#.# #.#...###
#.#.# #.##.## #
#.#.# #.# ## # #.#.#
#.# # #†#.# #.# #
###r####...#
##.#######
...g)lg(..(#
#......>..


You could see a gnoll.

Vanquished Creatures
  3 gnolls (D:2)
  An adder (D:2)
  A worm (D:2)
  2 dart slugs (D:1)
  4 bats (D:1)
  5 goblins
  4 hobgoblins (D:1)
  3 jackals (D:2)
  4 frilled lizards
  7 kobolds
  4 rats
38 creatures vanquished.

Vanquished Creatures (others)
  A dancing weapon (D:2)
1 creature vanquished.

Grand Total: 39 creatures vanquished

Notes
Turn   | Place    | Note
-------+----------+-------------------------------------------
     0 | D:1      | Jesh the Spriggan Enchanter began the quest for the Orb.
     0 | D:1      | Reached XP level 1. HP: 9/9 MP: 5/5
   455 | D:2      | Reached skill level 4 in Hexes
   455 | D:2      | Reached XP level 2. HP: 13/13 MP: 7/7
   459 | D:2      | Learned a level 2 spell: Ensorcelled Hibernation
   953 | D:1      | Reached XP level 3. HP: 16/16 MP: 9/9
   958 | D:1      | Learned a level 3 spell: Confuse
  1659 | D:2      | Learned a level 3 spell: Tukima's Dance
  1690 | D:2      | Reached XP level 4. HP: 13/21 MP: 0/11
  1702 | D:2      | Reached skill level 5 in Hexes
  1703 | D:2      | Slain by a gnoll

Vault maps used:
D:1:      evilmike_arrival_hilbert_curve

Skill      XL: |  1  2  3  4 |
---------------+-------------+-----
Spellcasting   | 3 4 |  4.3
Hexes          | 4 5 |  5.0
Short Blades   | |  1.1
Dodging        | |  3.0
Stealth        | |  4.4

Action                   |  1- 3 |  4- 6 || total
-------------------------+-------+-------++-------
Melee: Dagger            |   113 |    11 ||   124
 Cast: Corona            |     3 |     1 ||     4
       Ensorcelled Hiber |     4 |       ||     4
       Confuse           |     2 |       ||     2
       Tukima's Dance    |     1 |       ||     1
  Use: Scroll            |     3 |       ||     3
 Stab: Sleeping          |     5 |       ||     5
       Distracted        |     1 |       ||     1
Armor: Robe              |    15 |     1 ||    16
Dodge: Dodged            |   104 |     6 ||   110

Table legend:
 A = Non-vault XP
 B = Vault XP
 C = Vault XP percentage of total XP
 D = Non-vault monster count
 E = Vault monster count
 F = Vault count percentage of total count
                 A         B        C        D         E       F
            +---------+---------+-------+---------+---------+-------
      Total |     113 |       0 |   0.0 |      38 |       0 |   0.0
            +---------+---------+-------+---------+---------+-------
        D:1 |      40 |       0 |   0.0 |      22 |       0 |   0.0
        D:2 |      73 |       0 |   0.0 |      16 |       0 |   0.0
            +---------+---------+-------+---------+---------+-------
